AoeStats
← Pielover757

African Clearing

510525258Analyzed
2v2 RM · 11h ago on Oct 1, 2026· 51m 58s· 4 players
Game mode
Random Map
Map size
Medium (4 player)
Population
200
Speed
Normal
Resources
Standard
Victory
Conquest
Starting age
Dark Age
Ending age
Imperial Age
RankedLock teamsTeams togetherTeam positionsShared explorationLock speedFull tech treeHidden civsTurbo modeCheats
Victory
Defeat
🇹🇷 Tupi · Türkiye
1559
+20
🇳🇴 Lithuanians · Norway
1503
+22
🇿🇦 Aztecs · South Africa
1680
-23
🇩🇪 Italians · Germany
1594
-19
Kümmelbrot OP
3:05 Loom
13:05 Feudal Age
14:24 Town Watch
15:23 Double-Bit Axe
17:54 Castle Age
16:33 Fletching
Pielover757
9:14 Loom
12:15 Feudal Age
14:05 Town Watch
16:53 Castle Age
42:26 Double-Bit Axe
45:24 Pikeman
47:05 Scale Mail Armor
49:20 Wheelbarrow
LonzoWall
5:31 Loom
13:56 Feudal Age
14:00 Champi Runner
14:55 Arson
15:58 Forging
17:58 Scale Mail Armor
24:33 Double-Bit Axe
32:07 Castle Age
32:05 Horse Collar
32:52 Fletching
46:06 Bow Saw
50:54 Wheelbarrow
50:19 Stone Mining
50:57 Heavy Plow
Shamburger
8:48 Loom
11:15 Feudal Age
12:15 Double-Bit Axe
16:58 Forging
17:36 Scale Barding Armor
18:29 Scale Barding Armor
22:13 Castle Age
20:58 Bloodlines
21:33 Gold Mining
23:18 Bow Saw
23:16 Husbandry
25:29 Chain Barding Armor
27:12 Horse Collar
30:03 Wheelbarrow
33:44 Stone Mining
36:28 Hand Cart
36:44 Heavy Plow
39:07 Fletching
39:17 Padded Archer Armor
39:58 Bodkin Arrow
40:10 Elite Skirmisher
41:06 Scale Mail Armor
41:29 Leather Archer Armor
44:25 Imperial Age
45:25 Iron Casting
45:52 Coinage
46:53 Plate Barding Armor
45:55 Cavalier
47:55 Bracer
48:19 Ballistics
48:51 Conscription
50:29 Ring Archer Armor
51:04 Chemistry
52:01 Masonry
51:58 Tower Shields
Connection lost

Rejoining the realm…

Still unreachable

The connection could not be restored.

Session expired

The server has moved on; the page needs a fresh start.